 Dungeon Crawl Stone Soup version 0.31-a0-325-g067879e3d3 (webtiles) character file.

Game seed: 3931557927727024043

137 porpoise the Shooter (level 5, -5/32 HPs)
             Began as a Tengu Hunter on July 19, 2023.
             Slain by a sleepcap (9 damage)
             ... on level 4 of the Dungeon.
             The game lasted 00:04:52 (2488 turns).

porpoise the Shooter (Tengu Hunter)                 Turns: 2488, Time: 00:04:53

Health: -5/32      AC:  4    Str: 11    XL:     5   Next: 20%
Magic:  6/6        EV:  2    Int: 10    God:
Gold:   177        SH:  0    Dex: 19    Spells: 4/4 levels left

rFire   . . .        a - +0 shortbow
rCold   . . .        (shield currently unavailable)
rNeg    . . .        c - +0 leather armour
rPois   .            (helmet restricted)
rElec   .            (no cloak)
rCorr   .            n - +0 pair of gloves
SInv    .            (boots unavailable)
Will    .....        (no amulet)
Stlth   ++           (no ring)
HPRegen 0.25/turn    (no ring)
MPRegen 0.10/turn

%: no passive effects
@: sleeping, flying quickly and evasively, quick
A: beak, talons 3, nimble flight
a: no special abilities


You were on level 4 of the Dungeon.
You visited 1 branch of the dungeon, and saw 4 of its levels.

You collected 177 gold pieces.

Inventory:

Hand Weapons
 a - a +0 shortbow (weapon)
Armour
 c - a +0 leather armour (worn)
 n - a +0 pair of gloves (worn)
Wands
 m - a wand of polymorph (6)
Scrolls
 b - a scroll of butterflies
 e - 3 scrolls of identify
 g - a scroll of teleportation {unknown}
 h - a scroll of fear
 k - a scroll of noise
 l - a scroll of immolation {unknown}
Potions
 d - 5 potions of heal wounds
 f - a potion of magic
 i - 2 potions of curing
 j - 2 potions of resistance


   Skills:
 + Level 3.3 Fighting
 * Level 6.2 Ranged Weapons
 - Level 2.1 Dodging
 - Level 1.0 Stealth


You had 4 spell levels left.
You didn't know any spells.
Your spell library contained the following spells:

 Spells                   Type           Power      Damage    Failure   Level
 Freeze                   Ice            0%         1d3       45%         1
 Kiss of Death            Conj/Necr      0%         2d5       45%         1
 Magic Dart               Conj           0%         1d3       45%         1
 Call Imp                 Summ           0%         N/A       58%         2
 Confusing Touch          Hex            0%         N/A       83%         3
 Frozen Ramparts          Ice            0%         1d1       83%         3
 Hailstorm                Conj/Ice       0%         3d3       83%         3
 Mephitic Cloud           Conj/Pois/Air  0%         N/A       83%         3
 Portal Projectile        Hex/Tloc       0%         N/A       83%         3
 Tukima's Dance           Hex            0%         N/A       83%         3
 Dispel Undead            Necr           0%         3d6       99%         4
 Iskenderun's Mystic Bla  Conj/Tloc      0%         2d3       99%         4


Dungeon Overview and Level Annotations

Branches:
Dungeon (4/15)             Temple (0/1) D:4

Altars:


Innate Abilities, Weirdness & Mutations

You have a beak for a mouth.
You have claws for feet.
Your magical nature lets you fly swiftly and evasively.


Message History

The sleepcap releases spores at you. x2
You are engulfed in a cloud of soporific spores!
You fall asleep.
The sleepcap releases spores at you!
You wake up.
Ouch! That really hurt!
* * * LOW HITPOINT WARNING * * *
You are engulfed in a cloud of soporific spores!
You are unaffected.
You are too injured to fight recklessly!
You are too injured to fight recklessly!
You are too injured to fight recklessly!
You shoot an arrow.
The arrow hits the sleepcap but does no damage.
The sleepcap is severely damaged.
The sleepcap barely misses you.
You shoot an arrow.
The arrow hits the sleepcap but does no damage.
The sleepcap is severely damaged.
The sleepcap barely misses you.
You shoot an arrow.
The arrow hits the sleepcap but does no damage.
The sleepcap is severely damaged.
The sleepcap completely misses you.
You shoot an arrow.
The arrow hits the sleepcap but does no damage.
The sleepcap is severely damaged.
The sleepcap closely misses you.
You shoot an arrow. The arrow hits the sleepcap.
The sleepcap is severely damaged.
The sleepcap closely misses you.
You shoot an arrow. The arrow hits the sleepcap.
The sleepcap is almost destroyed.
The sleepcap releases spores at you.
* * * LOW HITPOINT WARNING * * *
The sleepcap releases spores at you.
* * * LOW HITPOINT WARNING * * *
You are engulfed in a cloud of soporific spores!
You fall asleep.
The sleepcap releases spores at you!
You die...

...............
######.......
#+#####........
#.......#. #........
#.#####.#.
.################.##
#.## .#
#...........# #.#
#.########### #.#
#.#######. #..
#.#....... ###
#.@.....# ###f....#
.....# .......
....#)8 .......
#+#.8.> ....


You could see a sleepcap.

Vanquished Creatures
  A hound (D:3)
  3 adders
  2 dart slugs (D:3)
  3 orcs
  7 ball pythons
  9 bats
  8 endoplasms
  A giant cockroach (D:1)
  5 goblins
  4 hobgoblins
  8 jackals (D:1)
  3 kobolds
  2 quokkas (D:1)
  7 frilled lizards
  2 rats (D:3)
65 creatures vanquished.

Notes
Turn   | Place    | Note
-------+----------+-------------------------------------------
     0 | D:1      | porpoise the Tengu Hunter began the quest for the Orb.
     0 | D:1      | Reached XP level 1. HP: 12/12 MP: 2/2
   172 | D:1      | Reached XP level 2. HP: 17/17 MP: 3/3
   580 | D:1      | Found a faded altar of an unknown god.
   654 | D:1      | Reached skill level 5 in Ranged Weapons
   769 | D:1      | Reached XP level 3. HP: 22/22 MP: 4/4
  1228 | D:2      | Reached XP level 4. HP: 26/27 MP: 5/5
  1901 | D:3      | Reached skill level 6 in Ranged Weapons
  1901 | D:3      | Gained mutation: Your magical nature lets you fly swiftly
                  | and evasively. [Tengu growth]
  1901 | D:3      | Reached XP level 5. HP: 29/32 MP: 6/6
  2476 | D:4      | Found a staircase to the Ecumenical Temple.
  2488 | D:4      | Slain by a sleepcap

Illustrated notes

Levels and vault maps discovered:
D:1:      saegor_arrival_fortress, layout_basic,
          hellmonk_ecumenical_altar_dog_temple, minivault_24
D:2:      layout_basic
D:3:      layout_loops_ring, chequers_serial_rivers_large_a,
          nicolae_underground_beach
D:4:      layout_basic, minmay_temple_entry_statues_pillars, minmay_lizard_king

Skill      XL: |  1  2  3  4 |
---------------+-------------+-----
Ranged Weapons | 5 6 |  6.2
Fighting       | 3 |  3.3
Dodging        | |  2.1
Stealth        | |  1.0

Action                     |  1- 3 |  4- 6 || total
---------------------------+-------+-------++-------
   Fire: Shortbow          |    97 |    75 ||   172
    Use: Scroll            |       |     6 ||     6
 Armour: Leather armour    |    22 |     4 ||    26
  Dodge: Dodged            |    31 |    21 ||    52

Table legend: (Time is in decaauts)
 A = Elapsed time spent in this place.
 B = Non-inter-level travel time spent in this place.
 C = Inter-level travel time spent in this place.
 D = Time resting spent in this place.
 E = Time spent auto-exploring this place.
 F = Levels seen in this place.
 G = Mean time per level.
                   A        B        C        D        E       F      G
               +--------+--------+--------+--------+--------+-----+--------+
         Total |   2470 |   2383 |     87 |     38 |   2008 |   4 |  617.5 |
       Dungeon |   2470 |   2383 |     87 |     38 |   2008 |   4 |  617.5 |
               +--------+--------+--------+--------+--------+-----+--------+

Top non-repeatable levels by time:
     D:1: 955 daAuts
     D:3: 840 daAuts
     D:2: 561 daAuts
     D:4: 112 daAuts
